Map: Lerilak Crest

Players

Miltreta

  • Race: Terran Terran

A.I. 1 (Hard) - Winner!

  • Race: Terran Terran

VOD

Have the link to the VOD?

Description

Time

  • Played on: March 5, 2016, 2:20 p.m.
  • Length: 10:50
Show
View Real Time Build Order
Export as new Build Order

Miltreta Terran 

Build Orders:  

Get SALT Encoding   

  12  0:01  SCV  
  13  0:13  SCV  
  14  0:25  Supply Depot, SCV  
  15  0:39  Supply Depot  
  15  0:46  SCV  
  16  0:53  Barracks  
  16  0:58  SCV  
  17  1:07  Refinery  
  17  1:15  Barracks, SCV  
  18  1:33  SCV  
  19  1:43  Bunker  
  19  1:45  SCV  
  20  1:48  Marine  
  21  1:57  SCV  
  22  2:06  Marine  
  22  2:08  Barracks Tech Lab  
  23  2:17  Refinery  
  23  2:24  Marine  
  24  2:32  Orbital Command  
  24  2:42  Marine  
  25  2:48  Command Center  
  25  2:56  Marauder  
  27  3:00  Reaper  
  27  3:05  SCV  
  29  3:17  Marauder  
  31  3:32  Factory  
  31  3:46  Marauder  
  33  3:51  Supply Depot  
  33  4:22  SCV  
  34  4:27  Barracks Reactor  
  34  4:30  Factory Tech Lab  
  34  4:34  SCV  
  35  4:38  Armory  
  35  4:41  Marauder  
  37  4:47  SCV  
  38  4:58  SCV  
  38  4:59  SCV  
  40  5:02  Marauder  
  40  5:03  Refinery  
  40  5:05  Marine  
  40  5:06  Marine  
  44  5:07  Command Center  
  44  5:11  SCV  
  45  5:23  Marine  
  45  5:24  Marine  
  46  5:32  Cyclone  
  49  5:41  Marine x2  
  51  5:49  Engineering Bay  
  51  5:59  Concussive Shells, Reaper  
  51  6:00  Reaper  
  53  6:04  Cyclone  
  56  6:29  Supply Depot  
  56  6:31  Reaper  
  56  6:32  Reaper  
  58  6:36  Supply Depot  
  58  6:42  Bunker  
  58  7:12  Refinery  
  60  7:16  Marauder  
  60  7:21  Widow Mine  
  62  7:35  Drilling Claws  
  64  7:37  Marauder  
  64  7:50  Widow Mine  
  66  7:54  Refinery  
  66  7:57  Terran Infantry Weapons Level 1  
  68  7:58  Marauder  
  68  8:19  Cyclone  
  73  8:20  Marauder  
  75  8:41  Marauder  
  75  8:51  Hellion  
  73  9:12  Hellion  
  39  9:43  Supply Depot  
  39  9:48  Supply Depot  
  39  9:56  Missile Turret  
  39  10:03  Sensor Tower  
  39  10:10  Marine x2  
  35  10:28  Marine x2  
Show
View Real Time Build Order
Export as new Build Order

A.I. 1 (Hard) Terran - Winner!

Build Orders: MMM Bio 

Get SALT Encoding   

  12  0:00  SCV  
  13  0:13  SCV  
  14  0:19  Supply Depot  
  14  0:25  SCV  
  15  0:40  SCV  
  15  0:42  Barracks  
  16  0:52  SCV  
  17  1:04  SCV  
  18  1:18  Command Center  
  18  1:29  Marine  
  18  1:30  Orbital Command  
  19  1:37  Supply Depot  
  19  1:45  Refinery  
  19  1:47  Marine  
  20  1:55  SCV  
  21  2:01  Barracks  
  21  2:07  SCV, Refinery  
  22  2:11  Marine  
  23  2:19  SCV  
  24  2:28  Supply Depot, Marine  
  25  2:34  SCV  
  26  2:47  Marine  
  26  2:48  Barracks Tech Lab, SCV  
  28  2:52  SCV  
  29  3:00  SCV  
  29  3:04  SCV  
  29  3:05  Marine  
  31  3:11  Factory  
  32  3:14  Marauder  
  32  3:19  Factory  
  34  3:24  Barracks Tech Lab  
  34  3:30  Refinery  
  34  3:38  Refinery  
  34  3:56  Factory Tech Lab  
  34  3:58  Starport  
  34  4:00  SCV  
  34  4:01  SCV  
  36  4:03  Factory Tech Lab, Starport  
  36  4:11  Marauder  
  36  4:15  SCV  
  38  4:23  Marauder  
  40  4:32  SCV  
  40  4:34  SCV  
  40  4:35  Starport Tech Lab  
  40  4:38  Ghost Academy  
  42  4:39  Starport Tech Lab  
  42  4:46  SCV  
  42  4:49  SCV  
  44  4:53  Medivac  
  44  4:56  Supply Depot  
  44  4:58  SCV  
  47  5:01  SCV  
  48  5:08  Ghost, Stimpack  
  48  5:10  SCV  
  48  5:13  SCV  
  52  5:18  Combat Shields  
  52  5:22  SCV  
  52  5:25  SCV  
  54  5:30  Engineering Bay  
  54  5:34  SCV  
  55  5:37  SCV  
  55  5:42  Supply Depot  
  56  5:46  SCV  
  56  5:49  SCV  
  58  5:51  Marine  
  59  5:57  Terran Infantry Armor Level 1  
  59  5:58  SCV  
  59  6:04  Marine, SCV  
  61  6:07  Supply Depot  
  61  6:10  SCV  
  63  6:16  Marine, SCV  
  65  6:29  Marine, SCV  
  65  6:30  SCV  
  65  6:31  Supply Depot  
  68  6:36  Concussive Shells  
  68  6:41  SCV  
  68  6:42  Marine  
  68  6:46  Missile Turret  
  70  6:50  Missile Turret  
  70  6:52  Missile Turret  
  70  6:53  Raven, SCV, Medivac  
  73  6:54  SCV  
  73  6:55  Supply Depot, Marine  
  75  7:03  Missile Turret  
  75  7:09  Marauder  
  75  7:10  Sensor Tower  
  75  7:13  Bunker  
  75  7:15  Armory  
  77  7:20  Supply Depot  
  77  7:21  Marauder  
  79  7:23  Medivac, Bunker  
  79  7:28  Barracks  
  81  7:34  Marauder  
  81  7:36  Raven  
  85  7:46  Ghost  
  87  7:51  Terran Infantry Weapons Level 1  
  87  8:16  Barracks Reactor  
  87  9:09  Marine  
  86  9:16  Raven  
  84  9:18  Raven  
  84  9:22  Marine  
  80  9:35  Marine  
  80  9:37  Command Center  
  81  9:43  Marine  
  81  9:45  Engineering Bay  
  82  9:48  Supply Depot  
  82  9:51  Marine  
  83  9:59  Marine, Medivac  
  86  10:01  Raven  
  88  10:07  Marine  
  88  10:12  Supply Depot  
  89  10:15  Marine  
  90  10:22  Marine  
  94  10:36  Supply Depot  
Tags
 
Composition
MMM Bio
Matchup
TvT
Race
Terran
Add a new tag
Caveats
  • Supply blocks, unpowered buildings, or Contaminate may cause inaccurate times.
  • Supply counts are checked every 10 seconds.